[Event "Early-Titled-Tuesday-Blitz-October-17-2023"]
[Site "Chess.com"]
[Date "2023.10.17"]
[Round "5"]
[White "ExcitingTrap"]
[Black "Wizard_97"]
[Result "0-1"]
[WhiteElo "2433"]
[BlackElo "2582"]
[TimeControl "180+1"]
[EndTime "8:56:57 PDT"]
[Termination "Wizard_97 won by resignation"]

1. e4 c5 2. Nf3 d6 3. d4 cxd4 4.
Nxd4 Nf6 5. Nc3 g6 6. Be3 Bg7 7. f3 O-O 8. Qd2 Nc6 9. Bc4 Bd7 10. O-O-O Ne5 11. Bb3 Rc8 12. g4 b5 13. Ncxb5 Bxb5 14. Nxb5 Nxf3 15. Qe2 Ne5 16. h3 Nxe4 17. Bf4 Nc5 18.
Kb1 Qa5 19. Nc3 Nc6 20. Nd5 Nxb3 21. cxb3 e6 22. Nc3 d5 23. Na4 Nd4 24. Qe3 Nb5 25.
h4 Qb4 26. Ka1 Na3 27. Rc1 Nc2+ 28. Rxc2 Rxc2 29. Be5 Bxe5 30. Qxe5 Rfc8 31. Qe3 Qxg4 32. h5 Qe4 33. Qxe4 dxe4 34. hxg6 Rc1+ 0-1

[Event "Early-Titled-Tuesday-Blitz-October-17-2023"]
[Site "Chess.com"]
[Date "2023.10.17"]
[Round "5"]
[White "KNVB"]
[Black "IamSchrodingersCat"]
[Result "0-1"]
[WhiteElo "2670"]
[BlackElo "2546"]
[TimeControl "180+1"]
[EndTime "8:56:59 PDT"]
[Termination "IamSchrodingersCat won on time"]

1. d4 Nf6 2. Nc3 g6 3. e4 d6 4. Nf3 Bg7 5. Be2 O-O 6. O-O e5 7. dxe5 dxe5 8. Qxd8 Rxd8 9. Bg5 Re8 10. Rad1 c6 11. Nxe5 Nxe4 12. Nxe4 Bxe5 13. Bc4 Bf5 14.
Nf6+ Bxf6 15. Bxf6 Bxc2 16. Rd2 Bf5 17. h3 b5 18. Bb3 Na6 19. Rc1 Rac8 20. g4 Be6 21. g5 Bxh3 22. Rd6 Nb8 0-1

[Event "Early-Titled-Tuesday-Blitz-October-17-2023"]
[Site "Chess.com"]
[Date "2023.10.17"]
[Round "5"]
[White "FunnyDuck66"]
[Black "dianamirza"]
[Result "1-0"]
[WhiteElo "2459"]
[BlackElo "2015"]
[TimeControl "180+1"]
[EndTime "8:57:00 PDT"]
[Termination "FunnyDuck66 won by resignation"]

1. d4 Nf6 2. Nf3 g6 3. Bg5 Bg7 4. Nbd2 O-O 5. c3 h6 6. Bh4 d6 7. e4 g5 8. Bg3 Bg4 9. Bd3 Bh5 10. Nc4 Bg6 11. Qc2 Nbd7 12. Ne3 c5 13. d5 Nh5 14.
O-O Nf4 15. Bxf4 gxf4 16. Nf5 Bxf5 17. exf5 Ne5 18. Nxe5 dxe5 19. Be4 Qd6 20. c4 Kh8 21. Qe2 Rg8 22. Qh5 Qf6 23. Rac1 Raf8 24. Rc3 Qg5 25. Qxg5 hxg5 26. Rh3+ Bh6 27. Rxh6+ Kg7 28. Rh5 Kf6 29. Rd1 g4 30. d6 exd6 31. Rxd6+ Ke7 32. Rd5 g3 33. hxg3 fxg3 34. Rxe5+ Kf6 35. Rd5 gxf2+ 36. Kxf2 Rg4 37. Kf3 Rfg8 38. Rh6+ Ke7 39. f6+ Ke8 40. Rhh5 Rg3+ 41. Kf2 1-0

[Event "Early-Titled-Tuesday-Blitz-October-17-2023"]
[Site "Chess.com"]
[Date "2023.10.17"]
[Round "5"]
[White "Witik"]
[Black "ArtemDyachuk"]
[Result "1-0"]
[WhiteElo "2813"]
[BlackElo "2634"]
[TimeControl "180+1"]
[EndTime "8:57:01 PDT"]
[Termination "Witik won by resignation"]

1. e4 c5 2. d4 cxd4 3. c3 dxc3 4. Nxc3 e6 5. Nf3 a6 6. Bc4 Nc6 7. O-O Nge7 8. Be3 Ng6 9. Nd4 Be7 10. Nf5 exf5 11.
Nd5 Bd6 12. exf5 Qh4 13. f4 Nge7 14. f6 Nxd5 15. fxg7 Rg8 16. Qxd5 Qf6 17. Rfe1 Be7 18. Bc5 Rxg7 19. f5 Kf8 20. Rxe7 Nxe7 21. Re1 d6 22.
Bxd6 Kg8 23. Bxe7 Qc6 24. Qd8+ 1-0

[Event "Early-Titled-Tuesday-Blitz-October-17-2023"]
[Site "Chess.com"]
[Date "2023.10.17"]
[Round "5"]
[White "ChesscularGodofchess"]
[Black "Journey_to_GrandMaster_YT"]
[Result "0-1"]
[WhiteElo "2200"]
[BlackElo "2617"]
[TimeControl "180+1"]
[EndTime "8:57:01 PDT"]
[Termination "Journey_to_GrandMaster_YT won by checkmate"]

1. d4 c5 2. d5 d6 3. e4 g6 4. Nc3 Bg7 5. Be3 Nf6 6. f3 O-O 7.
Qd2 Qa5 8. O-O-O a6 9. Kb1 b5 10. Bh6 b4 11. Nce2 Nbd7 12. h4 Ne5 13. Nc1 c4 14. h5 c3 15. Qg5 cxb2 16. Nb3 Qb6 17. hxg6 fxg6 18. Bxg7 Kxg7 19. Qh6+ Kg8 20. g4 Bd7 21.
Be2 Bb5 22. Nd4 Bxe2 23. Ngxe2 Rf7 24. Nf4 a5 25. Nfe6 a4 26. Ng5 b3 27. Nde6 bxc2+ 28. Kxc2 Rc8+ 29. Kb1 Nc4 30. Rd3 Qf2 31. Nxf7 Na3+ 32.
Rxa3 Qc2# 0-1

[Event "Early-Titled-Tuesday-Blitz-October-17-2023"]
[Site "Chess.com"]
[Date "2023.10.17"]
[Round "5"]
[White "attack2mateU"]
[Black "MasterKroket"]
[Result "1-0"]
[WhiteElo "2732"]
[BlackElo "2546"]
[TimeControl "180+1"]
[EndTime "8:57:02 PDT"]
[Termination "attack2mateU won by checkmate"]

1. e4 e5 2. Nf3 Nc6 3. Bc4 Bc5 4. c3 Nf6 5. d3 h6 6. O-O a6 7. Re1 O-O 8. d4 exd4 9. cxd4 Bb4 10. Nc3 Bxc3 11. bxc3 Nxe4 12. d5 Nd6 13. dxc6 Nxc4 14. Qd5 Nd6 15. cxd7 Bxd7 16. Ba3 Bc6 17. Qh5 Bxf3 18.
Qxf3 Re8 19. Bxd6 Qxd6 20. Qxb7 Qc5 21. g3 Qxc3 22. Rec1 Qd4 23. Qxc7 Re2 24. Qc5 Qxc5 25. Rxc5 Rb8 26. a4 Rbb2 27. Rf5 f6 28. Rc1 Kh7 29.
Rc6 a5 30. Rcc5 Ra2 31. Rxa5 Re4 32. Rf4 Rxf4 33. gxf4 Kg6 34. Kg2 Ra3 35. h4 h5 36.
f5+ Kh6 37. f3 Kh7 38. Ra8 Kh6 39. Rh8# 1-0

[Event "Early-Titled-Tuesday-Blitz-October-17-2023"]
[Site "Chess.com"]
[Date "2023.10.17"]
[Round "5"]
[White "GaiozNigalidze"]
[Black "venturov"]
[Result "1/2-1/2"]
[WhiteElo "2710"]
[BlackElo "2462"]
[TimeControl "180+1"]
[EndTime "8:57:02 PDT"]
[Termination "Game drawn by repetition"]

1. e4 c5 2. h4 Nc6 3. a4 e6 4. Na3 d5 5. exd5 exd5 6. Bb5 Nf6 7. Nf3 Bd6 8. d4 c4 9. Ne5 O-O 10. Bxc6 bxc6 11. Bf4 Re8 12. O-O Qc7 13. Re1 Bf5 14.
Qf3 Be4 15. Qh3 h6 16. f3 Bh7 17. Re3 Nd7 18. Rae1 Nxe5 19. Bxe5 Bxe5 20. Rxe5 Rxe5 21. Rxe5 Kf8 22. Qg3 Qd7 23. b4 a6 24. c3 f6 25.
Re1 Kf7 26. Nb1 Bxb1 27. Rxb1 Re8 28. Re1 Rxe1+ 29. Qxe1 Qe6 30. Qxe6+ Kxe6 31. Kf2 g5 32. hxg5 hxg5 33. g4 f5 34. Ke2 f4 35. Kd2 Kd6 36. Kc2 Kc7 37. Kb2 Kb6 38. a5+ Kb7 39.
Ka2 Kc7 40. Kb2 Kd6 41. Ka2 Kd7 42. Kb2 Kd6 43. Ka2 Kd7 44. Kb2 Kd6 1/2-1/2

[Event "Early-Titled-Tuesday-Blitz-October-17-2023"]
[Site "Chess.com"]
[Date "2023.10.17"]
[Round "5"]
[White "Gravity_Chess"]
[Black "Jospem"]
[Result "0-1"]
[WhiteElo "2860"]
[BlackElo "3112"]
[TimeControl "180+1"]
[EndTime "8:57:04 PDT"]
[Termination "Jospem won by resignation"]

1. b3 d5 2. Bb2 Nf6 3. Nf3 Bf5 4. d3 e6 5. Nbd2 h6 6. h3 Bh7 7. g4 c5 8. Rg1 Nc6 9. h4 d4 10. e4 Nd7 11. a4 a6 12. g5 Bg6 13. Be2 hxg5 14.
hxg5 Qc7 15. Nc4 b6 16. Qd2 Rb8 17. Na3 Bd6 18. Bc1 b5 19. axb5 axb5 20. Kf1 Ke7 21. Qe1 Qb6 22. Nb1 Rh3 23. Nfd2 Rbh8 24. Bg4 Rh1 25. Nf3 Rxg1+ 26. Nxg1 Nb4 27. Na3 Ne5 28. Be2 Qb8 29. f4 Nec6 30. Qf2 f6 31. gxf6+ gxf6 32. Bd2 Bf7 33. Bxb4 Nxb4 34. e5 fxe5 35. fxe5 Bxe5 36. Nxb5 Nc6 37. Na3 Bg3 38. Qg2 Rf8 39. Nf3 Nb4 40. Nc4 Nd5 41. Kg1 Rg8 42. Kf1 Be8 43. Qh3 Rg7 44.
Qg2 Bb5 45. Qh3 Bxc4 46. bxc4 Ne3+ 47. Kg1 Nf5 48. Kh1 Bf2 49. Rb1 Ng3+ 0-1

[Event "Early-Titled-Tuesday-Blitz-October-17-2023"]
[Site "Chess.com"]
[Date "2023.10.17"]
[Round "5"]
[White "PeshkaCh"]
[Black "mishanick"]
[Result "0-1"]
[WhiteElo "2812"]
[BlackElo "3015"]
[TimeControl "180+1"]
[EndTime "8:57:04 PDT"]
[Termination "mishanick won by checkmate"]

1. Nf3 d5 2. d4 Nf6 3. c4 e6 4.
Nc3 Nbd7 5. cxd5 exd5 6. Bg5 c6 7. e3 h6 8. Bh4 g5 9. Bg3 Nh5 10. Bd3 Nxg3 11. hxg3 Nb6 12. Qc2 Be6 13. Bf5 Qf6 14. Bxe6 fxe6 15. Ne5 Bd6 16. f4 O-O-O 17. O-O-O Kb8 18.
Rdf1 Qg7 19. Rh3 Rc8 20. Kb1 c5 21. Qe2 Bxe5 22. fxe5 cxd4 23. exd4 Rc4 24. Rf6 Rxd4 25. Rxe6 Nc4 26. Qh5 Rc8 27. Re8 Qd7 28. Rxc8+ Qxc8 29. Qxh6 Rd1+ 30. Kc2 Ne3+ 31. Kb3 Qc4+ 32. Ka3 Nc2# 0-1

[Event "Early-Titled-Tuesday-Blitz-October-17-2023"]
[Site "Chess.com"]
[Date "2023.10.17"]
[Round "5"]
[White "verrbaa"]
[Black "pankajfm"]
[Result "1-0"]
[WhiteElo "2455"]
[BlackElo "2137"]
[TimeControl "180+1"]
[EndTime "8:57:05 PDT"]
[Termination "verrbaa won by resignation"]

1. Nf3 Nf6 2. g3 g6 3. Bg2 Bg7 4. O-O O-O 5. c4 d6 6. d4 Nc6 7.
Nc3 a6 8. h3 Rb8 9. Be3 b5 10.
cxb5 axb5 11. Rc1 Nb4 12. a3 Nbd5 13. Nxd5 Nxd5 14. Bd2 Bb7 15. Ba5 Qd7 16. e4 Ra8 17.
Qd2 b4 18. axb4 Nb6 19. d5 Ba6 20. Bxb6 Bxf1 21. Rxc7 Qb5 22. Bxf1 Qxb6 23. Rc6 Qb7 24. Kg2 Ra2 25. Nd4 Rb8 26. b5 Qa7 27. Rc4 Ra4 28. Nc6 Qc7 29. Rxa4 1-0

[Event "Early-Titled-Tuesday-Blitz-October-17-2023"]
[Site "Chess.com"]
[Date "2023.10.17"]
[Round "5"]
[White "Road2GM3000"]
[Black "GothamChess"]
[Result "0-1"]
[WhiteElo "2425"]
[BlackElo "2686"]
[TimeControl "180+1"]
[EndTime "8:57:06 PDT"]
[Termination "GothamChess won by resignation"]

1. d4 f5 2. c4 Nf6 3. Nf3 e6 4. g3 Bb4+ 5. Bd2 Bxd2+ 6. Nbxd2 b6 7. Bg2 Bb7 8. O-O O-O 9. Qc2 Qe7 10. Rfe1 a5 11. Ne5 Bxg2 12. Kxg2 d6 13. Nef3 Nc6 14. d5 Nb4 15. Qb3 e5 16. e4 f4 17.
Ng5 Na6 18. Ne6 Nc5 19. Nxc5 bxc5 20. Nf3 Nh5 21. Qd3 a4 22. Qe2 a3 23. b3 g5 24. g4 Nf6 25. h3 Nd7 26. Nd2 Kh8 27. f3 Rfb8 28. Rh1 Kg7 29. h4 h6 30. Rh3 Rh8 31.
Rah1 Rag8 32. Nb1 h5 33. hxg5 hxg4 34. Rxh8 Rxh8 35. Rxh8 Kxh8 36. fxg4 Qxg5 37. Qf3 Nf6 38. Qh3+ Kg7 39. Kf3 Nxe4 40. Nxa3 Nf6 41. Nb5 e4+ 42. Kf2 Nxg4+ 43. Ke1 f3 44. Nc3 Qe3+ 45. Kd1 Qd3+ 0-1

[Event "Early-Titled-Tuesday-Blitz-October-17-2023"]
[Site "Chess.com"]
[Date "2023.10.17"]
[Round "5"]
[White "eightbyeightchess"]
[Black "DrCeltic"]
[Result "0-1"]
[WhiteElo "2431"]
[BlackElo "2567"]
[TimeControl "180+1"]
[EndTime "8:57:07 PDT"]
[Termination "DrCeltic won by resignation"]

1. e4 c5 2. Nf3 e6 3. d4 cxd4 4. Nxd4 Nf6 5. Nc3 d6 6. g3 a6 7.
Bg2 Be7 8. O-O O-O 9. Be3 Qc7 10. a4 Bd7 11. a5 Nc6 12. Nxc6 Bxc6 13. Re1 Rac8 14.
Qd2 Nd7 15. Bd4 Ne5 16. b3 h6 17. Red1 Ng4 18. Bb6 Qb8 19. h3 Nf6 20. Qe3 Nd7 21.
Bd4 Rfd8 22. Rd2 Bg5 23. f4 Be7 24. Na4 e5 25. Ba7 Qa8 26. Bb6 exf4 27. gxf4 Re8 28. Kh2 Bxa4 29. Rxa4 Nxb6 30. Qxb6 Qb8 31. Rad4 d5 32.
e5 Bc5 33. Bxd5 Bxb6 34. axb6 Kf8 35. Bc4 Rcd8 36. Rd7 Rxd7 37. Rxd7 Re7 38. Rd6 Qc8 39. Kg3 g5 40. e6 fxe6 0-1

[Event "Early-Titled-Tuesday-Blitz-October-17-2023"]
[Site "Chess.com"]
[Date "2023.10.17"]
[Round "5"]
[White "andrzej"]
[Black "Bauman_Guy"]
[Result "0-1"]
[WhiteElo "2476"]
[BlackElo "2850"]
[TimeControl "180+1"]
[EndTime "8:57:11 PDT"]
[Termination "Bauman_Guy won on time"]

1. e4 c5 2. Nf3 d6 3. d4 Nf6 4.
Nc3 cxd4 5. Nxd4 a6 6. Be3 e5 7. Nb3 Be6 8. h3 Nc6 9. Qf3 Rc8 10. O-O-O Na5 11. Nc5 Qc7 12. Nxe6 fxe6 13. Kb1 Be7 14. g4 O-O 15. Qe2 b5 16. g5 Nd7 17. Qg4 b4 18. Qxe6+ Rf7 19. Rd3 bxc3 20. Rxc3 Qb7 21. Rxc8+ Qxc8 22. Bxa6 Qxa6 23. Qxd7 Bf8 24. Qe6 Qc4 25. Qg4 Qb4 26.
b3 Nc4 27. Bc1 Nd2+ 28. Kb2 Nxe4 29. Rd1 Qc3+ 30. Kb1 Nxf2 31. Qe6 Nxd1 32. h4 g6 33. h5 gxh5 34. g6 hxg6 35. Qxg6+ Bg7 36. Qxd6 Qd4 37.
Qb8+ Rf8 38. Qb7 e4 0-1

[Event "Early-Titled-Tuesday-Blitz-October-17-2023"]
[Site "Chess.com"]
[Date "2023.10.17"]
[Round "5"]
[White "Mystery2007"]
[Black "Alphafischer2019"]
[Result "0-1"]
[WhiteElo "2454"]
[BlackElo "2599"]
[TimeControl "180+1"]
[EndTime "8:57:11 PDT"]
[Termination "Alphafischer2019 won by resignation"]

1. b3 Nf6 2. Bb2 g6 3. e4 Bg7 4.
e5 Nd5 5. d4 d6 6. Nf3 O-O 7.
h3 Nb6 8. Be2 Nc6 9. O-O dxe5 10. dxe5 Qxd1 11. Rxd1 Bf5 12. Na3 a6 13. Bd3 Rfd8 14. Bxf5 gxf5 15. Kf1 Nd5 16. c4 Nf4 17. Bc3 Nd3 18. Rd2 Ndxe5 19. Nxe5 Bxe5 20. Rxd8+ Rxd8 21. Bxe5 Nxe5 22. Re1 Nc6 23. Ke2 e6 24. Nc2 Kg7 25.
Rd1 Rxd1 26. Kxd1 f4 27. Ke2 Kf6 28. Kd3 Kf5 29. f3 b6 30. b4 Ne5+ 31. Kd4 Nc6+ 32. Kd3 Ke5 33. b5 Nb8 34. Nb4 axb5 35. cxb5 Nd7 36.
Kc4 Kd6 37. Nd3 Ne5+ 38. Nxe5 Kxe5 39. a4 h6 40. h4 h5 41. Kb4 Kd5 42. a5 bxa5+ 43.
Kxa5 Kc5 44. Ka6 f5 45. Kb7 Kxb5 46. Kxc7 e5 47. Kd6 e4 0-1

[Event "Early-Titled-Tuesday-Blitz-October-17-2023"]
[Site "Chess.com"]
[Date "2023.10.17"]
[Round "5"]
[White "temiksmozg"]
[Black "slorovel"]
[Result "0-1"]
[WhiteElo "2584"]
[BlackElo "2476"]
[TimeControl "180+1"]
[EndTime "8:57:14 PDT"]
[Termination "slorovel won on time"]

1. e4 e6 2. d4 d5 3. Nc3 Nc6 4. Bb5 Bd7 5. exd5 exd5 6. Nxd5 Bd6 7. Qe2+ Nge7 8. Nxe7 Nxe7 9. Bxd7+ Qxd7 10. Nf3 O-O-O 11. O-O f6 12. Re1 Kb8 13. Qe6 Qc6 14. c3 Rde8 15. Bd2 Nd5 16. Qg4 h5 17. Qg6 Ref8 18. Re2 h4 19. h3 Bf4 20. Qd3 Bxd2 21. Qxd2 g5 22.
Nh2 Nf4 23. f3 Nxe2+ 24. Qxe2 Re8 25. Qf2 f5 26. Rd1 Qc4 27. Qc2 Rhf8 28. b3 Qe2 29.
Rd2 Qe1+ 30. Nf1 g4 31. Rd1 Qe6 32. d5 Qb6+ 33. Qf2 Qxf2+ 34. Kxf2 g3+ 35. Kg1 Re2 36. Rd4 Rfe8 37. Rxh4 Re1 38. Rh5 a5 39. Rxf5 Rd1 0-1

[Event "Early-Titled-Tuesday-Blitz-October-17-2023"]
[Site "Chess.com"]
[Date "2023.10.17"]
[Round "5"]
[White "secretsuperstar7"]
[Black "Payyappat"]
[Result "1-0"]
[WhiteElo "2455"]
[BlackElo "2463"]
[TimeControl "180+1"]
[EndTime "8:57:18 PDT"]
[Termination "secretsuperstar7 won on time"]

1. c4 c5 2. Nc3 Nc6 3. g3 Nf6 4. Bg2 g6 5. Nf3 Bg7 6. O-O O-O 7.
a3 d5 8. cxd5 Nxd5 9. Nxd5 Qxd5 10. d3 Bg4 11. Ng5 Qd7 12. Ne4 Nd4 13. f3 Bf5 14.
Nxc5 Qb5 15. Ne4 Nb3 16. Rb1 Qb6+ 17. Kh1 Rfd8 18. Nc3 Rac8 19. a4 Qb4 20. Bg5 Rc6 21. Re1 Rcd6 22. Bxe7 Nc5 23. Bxd6 Rxd6 24. Nb5 Rd7 25.
Nc3 Bxc3 26. bxc3 Qxc3 27. Rc1 Qa5 28. Qc2 Nxa4 29. Qc8+ Kg7 30. Qc2 Be6 31. e4 b5 32.
f4 b4 33. Qf2 1-0

[Event "Early-Titled-Tuesday-Blitz-October-17-2023"]
[Site "Chess.com"]
[Date "2023.10.17"]
[Round "5"]
[White "Jojo_898"]
[Black "LUISMIGUELOV"]
[Result "0-1"]
[WhiteElo "2357"]
[BlackElo "2161"]
[TimeControl "180+1"]
[EndTime "8:57:18 PDT"]
[Termination "LUISMIGUELOV won by resignation"]

1. e4 c6 2. d4 d5 3. Nd2 dxe4 4.
Nxe4 Bf5 5. Ng3 Bg6 6. Nf3 Nd7 7. Be2 Ngf6 8. O-O e6 9. c4 Bd6 10. Bd3 O-O 11. Bg5 Bxd3 12. Qxd3 h6 13. Bd2 a5 14.
Rfe1 Qc7 15. Rac1 Rad8 16. Nh4 Bf4 17. Nf3 Bxd2 18. Qxd2 c5 19. Qc3 b6 20. Rcd1 Qf4 21.
d5 exd5 22. cxd5 Rfe8 23. Qb3 Rxe1+ 24. Rxe1 Qb4 25. Qxb4 axb4 26. d6 Kf8 27. Nf5 b5 28. Rc1 c4 29. N3d4 Rb8 30. Kf1 Rb6 31. f3 g6 32.
Nxh6 Rxd6 33. Nxb5 Rd2 34. Rxc4 Rxb2 35. Ng4 Nxg4 36.
Rxg4 Rxa2 37. Rxb4 Ne5 38. Rd4 Kg7 39. Nd6 g5 40. h3 Ra7 41. Kg1 Ng6 42. Nf5+ Kf6 43. Ne3 Nf4 44. Kf2 Ra2+ 45. Kg3 Ne2+ 0-1

[Event "Early-Titled-Tuesday-Blitz-October-17-2023"]
[Site "Chess.com"]
[Date "2023.10.17"]
[Round "5"]
[White "tptagain"]
[Black "scarabee43"]
[Result "0-1"]
[WhiteElo "2931"]
[BlackElo "2804"]
[TimeControl "180+1"]
[EndTime "8:57:21 PDT"]
[Termination "scarabee43 won by resignation"]

1. d4 Nf6 2. Nf3 d5 3. c3 Bf5 4. Qb3 Qc8 5. Bf4 e6 6. e3 h6 7. h3 Nbd7 8. c4 c6 9. Nc3 Be7 10. Be2 a5 11. Rc1 O-O 12. cxd5 exd5 13. O-O Re8 14. Nd2 Bb4 15. Bf3 Nf8 16. Be5 Qe6 17. a3 Bxc3 18. Rxc3 Re7 19. a4 Ng6 20. Bg3 Ne4 21.
Nxe4 Bxe4 22. Bh5 Qf5 23. Bg4 Qg5 24. f4 Qf6 25. f5 Nh4 26. Be5 Rxe5 27. dxe5 Qxe5 28. Rf2 Qg3 29. Rcc2 Bxc2 30. Rxc2 Re8 31. Re2 h5 32. Bxh5 Nxf5 33. Bf3 Nd4 34. Qd1 Nxf3+ 35. Kf1 Qh2 0-1

[Event "Early-Titled-Tuesday-Blitz-October-17-2023"]
[Site "Chess.com"]
[Date "2023.10.17"]
[Round "5"]
[White "Karttunen"]
[Black "Kotofeyca"]
[Result "1-0"]
[WhiteElo "2573"]
[BlackElo "2437"]
[TimeControl "180+1"]
[EndTime "8:57:23 PDT"]
[Termination "Karttunen won by resignation"]

1. c4 c6 2. Nf3 d5 3. e3 Nf6 4. b3 Bg4 5. Bb2 Nbd7 6. h3 Bh5 7.
Be2 e6 8. g4 Bg6 9. g5 Ne4 10.
h4 Bh5 11. d3 Bb4+ 12. Kf1 Nd6 13. Bxg7 Rg8 14. Bb2 Qe7 15. a3 Ba5 16. Ne5 Bxe2+ 17. Qxe2 O-O-O 18. Qh5 f5 19. b4 Bc7 20. Nxd7 Qxd7 21.
Bf6 Rdf8 22. c5 Ne8 23. Bb2 f4 24. Ke2 fxe3 25. fxe3 Bg3 26. Nd2 Rf2+ 27. Kd1 e5 28.
Kc2 d4 29. exd4 exd4 30. Raf1 Rgf8 31. Rxf2 Rxf2 32. Rf1 Re2 33. Qxe2 Bxh4 34. Rf8 Bxg5 35. Qxe8+ 1-0

[Event "Early-Titled-Tuesday-Blitz-October-17-2023"]
[Site "Chess.com"]
[Date "2023.10.17"]
[Round "5"]
[White "amelia91"]
[Black "Casper"]
[Result "1-0"]
[WhiteElo "2178"]
[BlackElo "2387"]
[TimeControl "180+1"]
[EndTime "8:57:23 PDT"]
[Termination "amelia91 won by checkmate"]

1. d4 Nf6 2. Bf4 g6 3. Nc3 Bg7 4. e4 O-O 5. Qd2 c5 6. d5 d6 7. Bh6 b5 8. f3 b4 9. Nce2 e6 10. h4 exd5 11. exd5 Bb7 12. h5 Re8 13. Bxg7 Kxg7 14.
hxg6 fxg6 15. Qh6+ Kg8 16. O-O-O Qe7 17. Nf4 Nbd7 18. Ngh3 Nf8 19. Bc4 a5 20. Kb1 a4 21.
Ng5 a3 22. Nge6 Bc8 23. Rde1 Bxe6 24. Nxe6 axb2 25. f4 Ng4 26. Qh4 Qxh4 27. Rxh4 h5 28. Kxb2 Nxe6 29. dxe6 Kf8 30. Bd5 Ra3 31. Rd1 Ke7 32. Bb3 Ne3 33. Rd3 Nf5 34. Rhh3 Rea8 35. g4 hxg4 36. Rh7+ Kf6 37. Rf7# 1-0

[Event "Early-Titled-Tuesday-Blitz-October-17-2023"]
[Site "Chess.com"]
[Date "2023.10.17"]
[Round "5"]
[White "seopie"]
[Black "Kildepiotr"]
[Result "1-0"]
[WhiteElo "2852"]
[BlackElo "2641"]
[TimeControl "180+1"]
[EndTime "8:57:25 PDT"]
[Termination "seopie won by resignation"]

1. d4 c5 2. d5 e5 3. e4 d6 4. Nc3 Be7 5. Nf3 a6 6. a4 Bg4 7. Be3 Nd7 8. h3 Bxf3 9. Qxf3 Bg5 10. Bxg5 Qxg5 11. h4 Qd8 12. g3 Ne7 13. Bh3 O-O 14. O-O g6 15. Bxd7 Qxd7 16. Qf6 Nc8 17. f4 exf4 18.
Rxf4 Qe7 19. a5 Qxf6 20. Rxf6 Rd8 21. Raf1 Rd7 22. Na4 Rb8 23. e5 dxe5 24. c4 Nd6 25. Nxc5 Rdd8 26. b3 Kg7 27. g4 Nf5 28. Rb6 Ne3 29.
Nxb7 Rf8 30. Re1 Nxg4 31. c5 f5 32. c6 e4 33. c7 Rbc8 34. d6 Ne5 35. Nc5 Kf7 36.
Rxa6 Nf3+ 37. Kf2 Nxe1 38. Kxe1 f4 39. Rc6 e3 40. d7 f3 41. dxc8=Q Rxc8 42. Ne4 Ke7 43. Nd6 Kd7 44. Nxc8 Kxc6 45. b4 Kxc7 46. Ne7 1-0

[Event "Early-Titled-Tuesday-Blitz-October-17-2023"]
[Site "Chess.com"]
[Date "2023.10.17"]
[Round "5"]
[White "Eagle_2019"]
[Black "TregubovP"]
[Result "0-1"]
[WhiteElo "2712"]
[BlackElo "2612"]
[TimeControl "180+1"]
[EndTime "8:57:25 PDT"]
[Termination "TregubovP won on time"]

1. d4 Nf6 2. Nf3 c5 3. d5 b5 4.
Bg5 Qb6 5. Bxf6 Qxf6 6. c3 g6 7.
e4 Qb6 8. Nbd2 Bg7 9. a4 b4 10.
Nc4 Qb7 11. Qc2 O-O 12. Be2 d6 13. O-O bxc3 14. bxc3 Qc7 15. Rfe1 Nd7 16. Bf1 Ba6 17. Nfd2 Rab8 18. Na3 Bxf1 19. Kxf1 Qa5 20. Nb5 Ne5 21. f4 a6 22. Na3 Ng4 23. h3 Qxc3 24. hxg4 Qg3 25. e5 Qxf4+ 26. Nf3 Qxg4 27. Nc4 Rb4 28.
Rac1 Bh6 29. exd6 exd6 30. Ne3 Qh5 31. Rb1 Rf4 32. Qf2 Rxa4 33. Ke2 Ra2+ 0-1

[Event "Early-Titled-Tuesday-Blitz-October-17-2023"]
[Site "Chess.com"]
[Date "2023.10.17"]
[Round "5"]
[White "masterofpuppets2"]
[Black "BardArtem"]
[Result "0-1"]
[WhiteElo "2510"]
[BlackElo "2762"]
[TimeControl "180+1"]
[EndTime "8:57:25 PDT"]
[Termination "BardArtem won by checkmate"]

1. d4 h6 2. c4 d6 3. Nc3 Nd7 4. h4 Ngf6 5. e4 e5 6. d5 a5 7. Bd3 Nc5 8. Bc2 Be7 9. Nge2 c6 10. f3 Bd7 11. Be3 Na6 12. Qd2 Rc8 13. b3 cxd5 14. exd5 Nh5 15. g3 f5 16. O-O-O Nb4 17. Bb1 b5 18. g4 Nf6 19. cxb5 Nfxd5 20. Kb2 Nxc3 21. Nxc3 O-O 22. a3 fxg4 23. axb4 Rxf3 24. Rhf1 axb4 25. Nd5 Qa5 26. Qxb4 Qxb4 27. Nxb4 Rxe3 28. Nd5 Re2+ 29. Ka3 Bd8 30. Bd3 Ra8+ 31. Kb4 Ba5+ 32. Kc4 Rc8+ 33.
Nc7 Be6# 0-1

[Event "Early-Titled-Tuesday-Blitz-October-17-2023"]
[Site "Chess.com"]
[Date "2023.10.17"]
[Round "5"]
[White "Balla_Tamas"]
[Black "BelaKis"]
[Result "0-1"]
[WhiteElo "2387"]
[BlackElo "2185"]
[TimeControl "180+1"]
[EndTime "8:57:25 PDT"]
[Termination "BelaKis won by checkmate"]

1. e4 g6 2. d4 Bg7 3. Nc3 c5 4. Be3 cxd4 5. Bxd4 Nf6 6. e5 Nh5 7. Be2 Nf4 8. Bf3 Nc6 9. Nge2 Ne6 10. Bxc6 dxc6 11.
f4 Nxd4 12. Qxd4 O-O 13. O-O-O Qxd4 14. Rxd4 f6 15. exf6 Bxf6 16. Rdd1 Bf5 17. h3 h5 18. Rhf1 Rad8 19. Na4 b6 20. Ng3 Bc8 21. Ne4 c5 22.
Nxf6+ exf6 23. Nc3 Bb7 24. g4 hxg4 25. hxg4 Kf7 26. f5 g5 27. Rde1 Rfe8 28. Rxe8 Rxe8 29.
Kd2 Rh8 30. Ne2 Rh4 31. Ke3 Rxg4 32. Rd1 Re4+ 33. Kd3 Re7 34. Rg1 Be4+ 35. Kd2 Bxf5 36. Nc3 Be6 37. Rf1 Rd7+ 38. Ke3 Kg6 39. Ne4 f5 40. Nc3 f4+ 41. Kf2 Kf5 42. Re1 g4 43. Ne2 g3+ 44. Kf3 Bd5# 0-1

[Event "Early-Titled-Tuesday-Blitz-October-17-2023"]
[Site "Chess.com"]
[Date "2023.10.17"]
[Round "5"]
[White "GMSrinath"]
[Black "Mourinho_Jose"]
[Result "1-0"]
[WhiteElo "2849"]
[BlackElo "2511"]
[TimeControl "180+1"]
[EndTime "8:57:26 PDT"]
[Termination "GMSrinath won by resignation"]

1. Nf3 d5 2. e3 Nf6 3. c4 e6 4.
Nc3 Bd6 5. b3 O-O 6. Bb2 b6 7.
Rc1 a6 8. cxd5 exd5 9. g3 Bb7 10.
Bg2 Nbd7 11. O-O Qe7 12. Re1 Ne4 13. d3 Nxc3 14. Bxc3 a5 15. Nd4 g6 16. Nb5 Ba3 17.
Nxa3 Qxa3 18. Qg4 Qd6 19. Qd4 f6 20. Bb2 c5 21. Qh4 a4 22. d4 axb3 23. axb3 Ra2 24.
Ba1 Rfa8 25. dxc5 bxc5 26. Red1 Kg7 27. Bh3 Ne5 28. Bg2 Nd3 29. Bxf6+ Qxf6 30. Qxf6+ Kxf6 31. Rxd3 Ra1 32. Rdd1 Rxc1 33. Rxc1 Ra5 34. h4 Ke5 35. f4+ Kd6 36. g4 Ra3 37. Rb1 Ba6 38. h5 gxh5 39. gxh5 Bd3 40. Rb2 Ra1+ 41. Kf2 Rb1 42. Rxb1 Bxb1 43.
e4 dxe4 44. Ke3 Kd5 45. Bf1 Bd3 46. Bxd3 exd3 47. Kxd3 1-0

[Event "Early-Titled-Tuesday-Blitz-October-17-2023"]
[Site "Chess.com"]
[Date "2023.10.17"]
[Round "5"]
[White "BasilSmash"]
[Black "MikeSailer"]
[Result "1-0"]
[WhiteElo "2364"]
[BlackElo "2089"]
[TimeControl "180+1"]
[EndTime "8:57:26 PDT"]
[Termination "BasilSmash won on time"]

1. e4 g6 2. d4 Bg7 3. Nf3 c5 4. dxc5 Nc6 5. c3 Nf6 6. Bd3 O-O 7. O-O b6 8. cxb6 axb6 9. Re1 d6 10. Nbd2 Bb7 11.
Qe2 Ra5 12. Nb3 Rh5 13. h3 Nd7 14. Nbd4 Nce5 15. Bc2 Qa8 16. Bf4 Nxf3+ 17. Nxf3 Nc5 18. a4 Ba6 19. Qd2 Ne6 20. Be3 Qb8 21. Nd4 Nc5 22.
b4 Nd7 23. Bb3 Ne5 24. a5 Bc4 25. a6 Bxb3 26. Nxb3 Nc4 27. Qd3 b5 28. a7 Qa8 29.
Bd4 e5 30. Be3 f5 31. Qd5+ Kh8 32. Qxa8 Rxa8 33. exf5 gxf5 34. f4 e4 35. Bd4 Bxd4+ 36.
Nxd4 Nb6 37. Nxb5 Nc8 38. Ra6 Rh6 39. Rea1 Rg6 40. Nc7 1-0